AoeStats
← tiberius el asesino de pilmeni

Arabia

505946740Analyzed
1v1 RM · 20d ago on Sep 11, 2026· 42m 41s· 2 players
Game mode
Random Map
Map size
Tiny (2 player)
Population
200
Speed
Normal
Resources
Standard
Victory
Conquest
Starting age
Dark Age
Ending age
Imperial Age
RankedLock teamsTeams togetherTeam positionsShared explorationLock speedFull tech treeHidden civsTurbo modeCheats
Victory
Defeat
🇦🇷 Persians · Argentina
596
+16
595
-16
tiberius el asesino de pilmeni
11:23 Feudal Age
10:00 Loom
15:45 Horse Collar
16:43 Double-Bit Axe
17:41 Bloodlines
20:03 Scale Barding Armor
20:50 Wheelbarrow
22:12 Fletching
22:22 Padded Archer Armor
22:16 Town Watch
26:05 Castle Age
26:15 Padded Archer Armor
26:55 Heavy Plow
26:58 Bodkin Arrow
27:22 Hand Cart
27:43 Thumb Ring
28:25 Gold Mining
29:57 Ballistics
32:59 Heated Shot
35:36 Husbandry
35:01 Light Cavalry
36:36 Chain Barding Armor
36:29 Bow Saw
44:10 Imperial Age
HIGUAIN
10:27 Feudal Age
9:13 Loom
13:18 Double-Bit Axe
19:05 Horse Collar
22:00 Castle Age
25:16 Pikeman
28:00 Heavy Plow
29:11 Wheelbarrow
29:59 Bloodlines
31:33 Elite Skirmisher
38:36 Imperial Age
36:27 Bow Saw
36:27 Light Cavalry
37:09 Husbandry
40:19 Heavy Scorpion
42:08 Scale Barding Armor
42:04 Padded Archer Armor
Connection lost

Rejoining the realm…

Still unreachable

The connection could not be restored.

Session expired

The server has moved on; the page needs a fresh start.